AoeStats
← Blafro

Arabian Desert

509632224Analyzed
1v1 RM · 4d ago on Sep 27, 2026· 45m 13s· 2 players
Game mode
Random Map
Map size
Tiny (2 player)
Population
200
Speed
Normal
Resources
Standard
Victory
Conquest
Starting age
Dark Age
Ending age
Imperial Age
RankedLock teamsTeams togetherTeam positionsShared explorationLock speedFull tech treeHidden civsTurbo modeCheats
Victory
Defeat
🇩🇪 Spanish · Germany
1024
+18
🇫🇷 Muisca · France
1070
-18
drillkill
7:01 Loom
9:21 Feudal Age
9:46 Champi Runner
11:40 Double-Bit Axe
15:13 Horse Collar
20:39 Castle Age
19:02 Gold Mining
19:29 Stone Mining
19:46 Scale Mail Armor
21:04 Forging
21:11 Champi Warrior
22:05 Squires
23:46 Town Watch
25:02 Bow Saw
26:03 Fletching
28:39 Gold Shaft Mining
29:25 Padded Archer Armor
34:13 Heavy Plow
36:02 Wheelbarrow
40:16 Imperial Age
41:30 Conscription
42:44 Leather Archer Armor
42:26 Bodkin Arrow
43:14 Ballistics
Blafro
3:53 Loom
10:21 Feudal Age
11:10 Double-Bit Axe
11:08 Horse Collar
14:26 Fletching
15:26 Padded Archer Armor
22:07 Castle Age
23:12 Thumb Ring
23:10 Bodkin Arrow
23:31 Leather Archer Armor
24:21 Gold Mining
24:23 Stone Mining
26:54 Scale Barding Armor
29:45 Wheelbarrow
32:38 Bow Saw
36:45 Imperial Age
35:42 Stone Shaft Mining
35:10 Heavy Plow
36:42 Sanctity
37:01 Hand Cart
37:36 Sappers
37:45 Elite Skirmisher
39:04 Conscription
40:54 Chemistry
39:51 Murder Holes
41:53 Two-Man Saw
42:29 Ballistics
42:43 Masonry
43:13 Bracer
43:44 Ring Archer Armor
44:53 Chain Barding Armor
44:44 Forging
Connection lost

Rejoining the realm…

Still unreachable

The connection could not be restored.

Session expired

The server has moved on; the page needs a fresh start.